AoeStats
← ForgeableSum

Arabian Desert

509769036Analyzed
1v1 RM · 5d ago on Sep 28, 2026· 44m 14s· 2 players
Game mode
Random Map
Map size
Tiny (2 player)
Population
200
Speed
Normal
Resources
Standard
Victory
Conquest
Starting age
Dark Age
Ending age
Imperial Age
RankedLock teamsTeams togetherTeam positionsShared explorationLock speedFull tech treeHidden civsTurbo modeCheats
Victory
Defeat
🇺🇸 Tatars · United States
1410
+14
🇨🇴 Mongols · Colombia
1366
-14
anguraca
5:44 Loom
8:24 Feudal Age
9:20 Double-Bit Axe
19:37 Wheelbarrow
19:46 Fletching
20:25 Horse Collar
25:33 Castle Age
26:45 Padded Archer Armor
26:23 Elite Skirmisher
32:53 Bodkin Arrow
35:50 Husbandry
42:36 Ballistics
ForgeableSum
6:53 Loom
9:21 Feudal Age
10:26 Double-Bit Axe
10:49 Man-at-Arms
17:25 Fletching
21:53 Castle Age
20:39 Padded Archer Armor
20:39 Gold Mining
23:16 Bodkin Arrow
24:01 Bow Saw
25:35 Horse Collar
29:08 Leather Archer Armor
33:01 Ballistics
35:35 Wheelbarrow
38:28 Heavy Plow
41:45 Imperial Age
39:41 Bloodlines
39:36 Husbandry
42:38 Bracer
43:21 Ring Archer Armor
43:09 Heavy Cavalry Archer
Connection lost

Rejoining the realm…

Still unreachable

The connection could not be restored.

Session expired

The server has moved on; the page needs a fresh start.